 Dungeon Crawl Stone Soup version 0.21.1-1-g345015f (webtiles) character file.

245 Kagorn the Shield-Bearer (level 6, 0/38 HPs)
             Began as a Gargoyle Fighter on June 8, 2018.
             Killed by divine providence
             ... invoked by an orc priest
              (7 damage)
             ... on level 4 of the Dungeon.
             The game lasted 00:15:25 (2425 turns).

Kagorn the Shield-Bearer (Gargoyle Fighter)         Turns: 2425, Time: 00:15:26

Health: 0/38       AC: 17    Str: 20    XL:     6   Next: 10%
Magic:  6/6        EV:  4    Int:  8    God:
Gold:   109        SH:  9    Dex: 11    Spells: 5/5 levels left

rFire    . . .     SeeInvis .   q - +2 falchion (vamp)
rCold    . . .     Gourm    .   c - +0 shield
rNeg     + . .     Faith    .   k - +0 plate armour
rPois    ∞         Spirit   .   (no helmet)
rElec    +         Reflect  .   (no cloak)
rCorr    .         Harm     .   o - +0 pair of gloves
MR       +....                  (no boots)
Stlth    ..........             (no amulet)
HPRegen  0.12/turn              l - ring of protection from magic
MPRegen  0.10/turn              (no ring)

@: no status effects
A: negative energy resistance 1, electricity resistance, unbreathing,
petrification resistance, rot immunity, AC +4
a: no special abilities


You were on level 4 of the Dungeon.
You were not hungry.

You visited 1 branch of the dungeon, and saw 4 of its levels.

You collected 109 gold pieces.

Inventory:

Hand Weapons
 a - a +0 long sword
 q - a +2 vampiric falchion (weapon)
Armour
 c - a +0 shield (worn)
 k - a +0 plate armour (worn)
 o - a +0 pair of gloves (worn)
Jewellery
 l - a ring of protection from magic (left hand)
Scrolls
 b - a scroll of fog {unknown}
 i - 4 scrolls of identify
 j - a scroll of teleportation {unknown}
 p - a scroll of random uselessness {unknown}
Potions
 d - a potion of might
 e - a potion of invisibility {unknown}
 h - a potion of heal wounds {unknown}
 m - a potion of ambrosia {unknown}
 n - a potion of flight {unknown}
Comestibles
 f - 2 rations


   Skills:
 + Level 4.0 Fighting
 * Level 4.0 Long Blades
 + Level 4.1 Armour
 * Level 1.2 Dodging
 + Level 0.1 Stealth
 + Level 4.1 Shields


You had 5 spell levels left.
You didn't know any spells.

Dungeon Overview and Level Annotations

Branches:
Dungeon (4/15)
 Temple: D:4-7

Altars:


Innate Abilities, Weirdness & Mutations

You are resistant to torment.
Your stone body is resilient. (AC +4)
You are immune to poison.
You resist negative energy. (rN+)
You are resistant to electric shocks. (rElec)
You can survive without breathing.
You are immune to petrification.
You are immune to rotting.


Message History

You kill the orc priest!
Your Fighting skill increases to level 4!
Your Long Blades skill increases to level 4!
You have reached level 6!
Your experience leads to an increase in your attributes!
Increase (S)trength, (I)ntelligence, or (D)exterity?
You feel agile.
The orc priest calls down the wrath of Beogh upon you.
Beogh smites you!
* * * LOW HITPOINT WARNING * * *
You block the orc priest's attack.
Things that are here:
a dagger; a leather armour; an orc corpse You hit the orc priest but do no damage.
The orc priest calls down the wrath of Beogh upon you.
You resist with some effort.
Your shield and plate armour prevent you from hitting the orc priest.
The orc priest invokes the aid of Beogh against you.
Beogh smites you!
You die...

.. #.. ... #.# ...
#.# #.# #.# #.# #.#
#.# #.#
.######.#####.####.#
...............@o..#
######.#####[######
#.# #.# ##.## #.#
#####.#.####.#
#....###.....#
###.....#.######
#.........#
#.........#


You could see an orc priest.

Vanquished Creatures
  A bullfrog zombie (D:2)
  An orc priest (D:4)
  An orc wizard (D:4)
  An iguana (D:2)
  5 adders
  An ooze (D:1)
  4 worms
  2 dart slugs (D:2)
  3 leopard geckos
  5 orcs (D:4)
  3 bats
  4 giant cockroaches
  9 goblins
  4 hobgoblins
  7 kobolds
  A quokka (D:2)
  2 ball pythons (D:2)
  A frilled lizard (D:1)
  8 rats
63 creatures vanquished.

Notes
Turn   | Place    | Note
-------+----------+-------------------------------------------
     0 | D:1      | Kagorn the Gargoyle Fighter began the quest for the Orb.
     0 | D:1      | Reached XP level 1. HP: 14/14 MP: 1/1
    25 | D:1      | Reached XP level 2. HP: 19/19 MP: 2/2
   576 | D:2      | Reached XP level 3. HP: 23/23 MP: 3/3
   755 | D:2      | Reached XP level 4. HP: 29/29 MP: 4/4
   947 | D:2      | Reached XP level 5. HP: 19/33 MP: 5/5
  1172 | D:2      | Reached skill level 1 in Dodging
  2422 | D:4      | Reached XP level 6. HP: 22/38 MP: 6/6
  2425 | D:4      | Killed from afar by an orc priest

Skill      XL: |  1  2  3  4  5 |
---------------+----------------+-----
Long Blades    | 2 3 4 |  4.0
Dodging        | 1 |  1.2
Shields        | 4 |  4.1
Armour         | 4 |  4.1
Fighting       | 4 |  4.0
Stealth        | |  0.1

Action                   |  1- 3 |  4- 6 || total
-------------------------+-------+-------++-------
Melee: Long sword        |    89 |   153 ||   242
       Falchion          |       |    52 ||    52
  Use: Potion            |       |     2 ||     2
       Scroll            |       |     1 ||     1
  Eat: Ration            |       |     3 ||     3
Armor: Scale mail        |    45 |    26 ||    71
       Plate armour      |       |   137 ||   137
Dodge: Dodged            |    25 |    38 ||    63
Block: Shield            |    46 |   100 ||   146
       Rpst.: Long sword |     5 |    10 ||    15
       Falchion          |       |     2 ||     2
